 Dungeon Sprint DCSS version 0.30.1-11-g7821555f0a (webtiles) character file.

Game seed: 1582498873847625477

6325 Groucho the Unseen (level 10, -3/55 HPs)
             Began as a Felid Fighter on Jan 4, 2024.
             Was a High Priest of Uskayaw.
             Slain by a dire elephant (34 damage)
             ... in the Dungeon (Sprint IX: "|||||||||||||||||||||||||||||").
             The game lasted 00:05:54 (3281 turns).

Groucho the Unseen (Felid Fighter)                  Turns: 3281, Time: 00:05:55

Health: -3/55      AC:  2    Str: 16    XL:     10   Next: 64%
Magic:  20/21      EV: 32    Int:  9    God:    Uskayaw [*****.]
Gold:   175        SH:  0    Dex: 17    Spells: 9/9 levels left
                                        Lives:  0   Deaths: 2

rFire   . .          .
                       - Unarmed
rCold   + . .        (shield unavailable)
rNeg    + . .        (body armour unavailable)
rPois   .            (helmet unavailable)
rElec   .            (cloak unavailable)
rCorr   .            (gloves unavailable)
SInv    +            (boots unavailable)
Will    +....        f - amulet of magic regeneration
Stlth   +++++++      n - ring "Lotenoli" {rC+ rN+}
HPRegen 0.29/turn    k - +2 ring of evasion
MPRegen 0.57/turn

%: no teleportation
@: quick
A: very small, claws 1, fangs 3, see invisible, speed 1, shaggy fur 2, stealthy
paws, no weapons or thrown items, no armour, multi-lived
a: Renounce Religion, Stomp, Line Pass, Grand Finale


You were in the Dungeon.
You worshipped Uskayaw.
Uskayaw was pleased with you.
You visited 1 branch You collected 1250 gold pieces.
You spent 1075 gold pieces at shops.

Inventory:

Jewellery
 f - an amulet of magic regeneration (around neck)
 j - a +3 ring of dexterity
 k - a +2 ring of evasion (right paw)
 n - the ring "Lotenoli" (left paw) {rC+ rN+}
   (You acquired it in the Dungeon)

   [ring of protection from cold]

   rC:        It protects you from cold.
   rN:        It protects you from negative energy.
Wands
 i - a wand of roots (9)
 l - a wand of flame (16)
Scrolls
 d - 3 scrolls of identify
 g - 2 scrolls of blinking
 h - 4 scrolls of amnesia
 m - 3 scrolls of fear
 o - a scroll of butterflies
 p - a scroll of poison
 r - a scroll of vulnerability
 s - 2 scrolls of fog
Potions
 a - 2 potions of resistance
 b - 5 potions of curing
 c - 2 potions of heal wounds
 e - 4 potions of magic


   Skills:
 + Level 13.9 Fighting
 + Level 17.7 Dodging
 + Level 18.7 Stealth
 + Level 14.1 Unarmed Combat
 + Level 13.6 Invocations


You had 9 spell levels left.
You didn't know any spells.
Your spell library was empty.

Dungeon Overview and Level Annotations

Branches:
Dungeon (1/1)

Altars:
Cheibriados
Dithmenos
Elyvilon
Fedhas
Gozag
Hepliaklqana
Kikubaaqudgha
Makhleb
Nemelex Xobeh
Okawaru
Qazlal
Ru
Sif Muna
Trog
Uskayaw
Vehumet
Wu Jian
Xom
Yredelemnul
Zin
The Shining One
Jiyva
Lugonu

Shops:
D [?:


Innate Abilities, Weirdness & Mutations

You have sharp claws.
You have razor-sharp teeth.
You have supernaturally acute eyesight. (SInv)
You cover ground quickly. (Speed+)
You are covered in thick fur. (AC +2)
Your paws help you pounce on unaware monsters.
You are incapable of wielding weapons or throwing items.
You cannot wear armour.
You gain extra lives every three experience levels.


Message History

You kill the elephant!
The elephant is no longer paralysed.
The dire elephant is no longer paralysed.
The elephant is no longer paralysed.
You pounce on the unaware helpless elephant!
You eviscerate the elephant!!!!!
You kill the elephant!
Uskayaw will force your foes to share their pain.
Uskayaw links your audience in an emotional bond!
Your Unarmed Combat skill increases to level 14!
Aiming: Line Pass
Press: ? - help, Dir - move target The dire elephant appears confused.
The elephant appears confused. x2
Found 16 gold pieces and a scroll of amnesia.
The elephant completely misses you. x2
You catch the helpless elephant completely off-guard!
You eviscerate the elephant!!!!
You kill the elephant!
Uskayaw will force your foes to share their pain.
You completely miss the elephant. You claw the elephant!
The elephant is severely wounded.
The elephant misses you. The elephant completely misses you.
You claw the elephant!
You kill the elephant!
The dire elephant seems less confused.
You can now merge with and destroy a victim.
You scratch the dire elephant but do no damage.
You bite the dire elephant, but do no damage.
The dire elephant is moderately wounded.
Unknown command.
You claw the dire elephant! You claw the dire elephant.
You bite the dire elephant, but do no damage.
The dire elephant is heavily wounded.
The dire elephant barely misses you. The dire elephant trunk-slaps you!
You mangle the dire elephant!!
You bite the dire elephant, but do no damage.
The dire elephant is heavily wounded.
The dire elephant tramples you!!
Ouch! That really hurt!
You die...

▓▓▓▓▓▓▓▓▓▓▓▓▓▓▓▓▓▓▓▓▓▓▓▓▓▓▓▓▓▓▓▓▓
.................................
▓▓▓▓▓▓▓▓▓▓▓▓▓▓▓▓▓▓▓▓▓▓▓▓▓▓▓▓▓▓▓▓▓
.....))))))∩.∩)∩)∩.....'))))).)).
▓▓▓▓▓▓▓▓▓▓▓▓▓▓▓▓▓▓▓▓▓▓▓▓▓▓▓▓▓▓▓▓▓
▓▓▓▓▓▓▓▓▓▓▓▓▓▓▓▓▓▓▓▓▓▓▓▓
+?$![.†@Y†...'.........'
▓▓▓▓▓▓▓▓▓▓▓▓▓▓▓▓▓▓▓▓▓▓▓▓▓▓▓▓▓▓▓▓▓
.................................
▓▓▓▓▓▓▓▓▓▓▓▓▓▓▓▓▓▓▓▓▓▓▓▓▓▓▓▓▓▓▓▓▓
..).)'..)..)'..[[[.)..'__________
▓▓▓▓▓▓▓▓▓▓▓▓▓▓▓▓▓▓▓▓▓▓▓▓▓▓▓▓▓▓▓▓▓


You could see a dire elephant (pain bonded).

Vanquished Creatures
  A dire elephant (D)
  2 centaur warriors (D)
  A boulder beetle (D)
  A death yak (D)
  A two-headed ogre (D)
  An orc knight (D)
  A manticore (D)
  5 orc sorcerers (D)
  6 elephants (D)
  A torpor snail (D)
  A black mamba (shapeshifter) (D)
  4 cane toads (D)
  A rime drake (D)
  2 komodo dragons (D)
  2 trolls (D)
  A wyvern (D)
  A basilisk (D)
  A vampire mosquito (D)
  An acid dragon (D)
  3 water moccasins (D)
  8 orc warriors (D)
  A wolf (D)
  2 bullfrogs (D)
  A scorpion (D)
  A gnoll bouda (D)
  An iguana (D)
  13 orc wizards (D)
  An adder (D)
  A dart slug (D)
  An orc (D)
  A ball python (D)
  2 bats (D)
  A kobold (D)
  A rat (D)
72 creatures vanquished.

Notes
Turn   | Place    | Note
-------+----------+-------------------------------------------
     0 | D        | Groucho the Felid Fighter began the quest for the Orb.
     0 | D        | Reached XP level 1. HP: 10/10 MP: 2/2
     5 | D        | Reached skill level 1 in Stealth
    10 | D        | Reached skill level 1 in Invocations
    22 | D        | Noticed a gnoll bouda
    22 | D        | Noticed an iguana
    22 | D        | Noticed a scorpion
    28 | D        | Killed a scorpion
    29 | D        | Reached skill level 4 in Stealth
    29 | D        | Reached skill level 5 in Unarmed Combat
    29 | D        | Reached XP level 2. HP: 15/15 MP: 2/5
    29 | D        | Reached XP level 3. HP: 18/18 MP: 2/6
    31 | D        | Reached skill level 5 in Stealth
    31 | D        | Reached XP level 4. HP: 22/22 MP: 2/7
    35 | D        | Reached skill level 5 in Fighting
    40 | D        | Reached skill level 6 in Stealth
   387 | D        | Found a snail-covered altar of Cheibriados.
   387 | D        | Found a shadowy altar of Dithmenos.
   387 | D        | Found a white marble altar of Elyvilon.
   387 | D        | Found a blossoming altar of Fedhas.
   387 | D        | Found an opulent altar of Gozag.
   388 | D        | Found a hazy altar of Hepliaklqana.
   389 | D        | Found a viscous altar of Jiyva.
   390 | D        | Found an ancient bone altar of Kikubaaqudgha.
   391 | D        | Found a corrupted altar of Lugonu.
   392 | D        | Found a burning altar of Makhleb.
   393 | D        | Found a sparkling altar of Nemelex Xobeh.
   394 | D        | Found an iron altar of Okawaru.
   395 | D        | Found a stormy altar of Qazlal.
   396 | D        | Found a sacrificial altar of Ru.
   397 | D        | Found a shimmering blue altar of Sif Muna.
   398 | D        | Found a bloodstained altar of Trog.
   399 | D        | Found a hide-covered altar of Uskayaw.
   400 | D        | Found a radiant altar of Vehumet.
   401 | D        | Found an ornate altar of the Wu Jian Council.
   402 | D        | Found a shimmering altar of Xom.
   403 | D        | Found a basalt altar of Yredelemnul.
   404 | D        | Found a glowing silver altar of Zin.
   405 | D        | Found a glowing golden altar of the Shining One.
   409 | D        | Became a worshipper of Uskayaw the Reveller
   437 | D        | Noticed a troll
   437 | D        | Noticed a vampire mosquito
   437 | D        | Noticed a two-headed ogre
   437 | D        | Noticed an acid dragon
   437 | D        | Noticed a troll
   440 | D        | Reached * piety under Uskayaw
   441 | D        | Reached ** piety under Uskayaw
   443 | D        | Killed a troll
   444 | D        | Reached skill level 8 in Stealth
   444 | D        | Reached skill level 5 in Invocations
   444 | D        | Reached XP level 5. HP: 28/28 MP: 8/10
   444 | D        | Gained mutation: You are covered in thick fur. (AC +2)
                  | [Felid growth]
   444 | D        | Reached XP level 6. HP: 31/31 MP: 8/11
   444 | D        | Reached *** piety under Uskayaw
   447 | D        | Killed an acid dragon
   447 | D        | Reached **** piety under Uskayaw
   448 | D        | Reached skill level 9 in Stealth
   450 | D        | Killed a vampire mosquito
   450 | D        | Killed a two-headed ogre
   450 | D        | Reached ***** piety under Uskayaw
   451 | D        | Reached skill level 11 in Stealth
   451 | D        | Reached XP level 7. HP: 37/37 MP: 8/14
   451 | D        | Reached XP level 8. HP: 41/41 MP: 8/15
   453 | D        | Killed a troll
   455 | D        | Noticed a manticore
   455 | D        | Noticed a centaur warrior
   455 | D        | Noticed a black mamba
   455 | D        | Noticed a boulder beetle
   455 | D        | Noticed a centaur warrior
   460 | D        | Killed a centaur warrior
   461 | D        | Reached skill level 12 in Stealth
   461 | D        | Reached skill level 10 in Unarmed Combat
   461 | D        | Reached XP level 9. HP: 41/46 MP: 9/16
   463 | D        | Reached ****** piety under Uskayaw
   468 | D        | Killed a black mamba
   469 | D        | Reached skill level 13 in Stealth
   469 | D        | Killed a manticore
   469 | D        | Killed a boulder beetle
   470 | D        | Reached skill level 10 in Fighting
   470 | D        | Reached skill level 14 in Stealth
   470 | D        | Reached skill level 10 in Invocations
   471 | D        | Killed a centaur warrior
   720 | D        | Noticed a cane toad
   720 | D        | Noticed a cane toad
   720 | D        | Noticed a death yak
   720 | D        | Noticed a torpor snail
  1302 | D        | Killed a torpor snail
  1303 | D        | Reached XP level 10. HP: 37/52 MP: 18/18
  1431 | D        | Reached skill level 15 in Stealth
  1436 | D        | Killed a death yak
  1441 | D        | Killed a cane toad
  1442 | D        | Reached skill level 15 in Dodging
  1443 | D        | Killed a cane toad
  1762 | D        | Noticed a cane toad
  1776 | D        | Killed a cane toad
  1791 | D        | Noticed a cane toad
  1793 | D        | Reached skill level 16 in Stealth
  1793 | D        | Noticed a catoblepas
  1797 | D        | Killed a cane toad
  2013 | D        | Slain by a catoblepas
  2014 | D        | Reached XP level 9. HP: -4/49 MP: 19/19
  2064 | D        | Found Qoda Vout's Armour Shop.
  2064 | D        | Noticed an orc sorcerer
  2070 | D        | Killed an orc sorcerer
  2070 | D        | Noticed an orc sorcerer
  2071 | D        | Reached XP level 10. HP: 54/54 MP: 20/20
  2072 | D        | Noticed an orc sorcerer
  2073 | D        | Found Vantaxza's Magic Scroll Boutique.
  2077 | D        | Found Urevvera's Book Shop.
  2077 | D        | Noticed an orc sorcerer
  2080 | D        | Killed an orc sorcerer
  2081 | D        | Found Xetzuj's Magic Scroll Boutique.
  2082 | D        | Noticed a sixfirhy
  2083 | D        | Killed an orc sorcerer
  2084 | D        | Reached skill level 17 in Stealth
  2085 | D        | Noticed an orc sorcerer
  2092 | D        | Killed an orc sorcerer
  2104 | D        | Killed an orc sorcerer
  2171 | D        | Noticed an orc knight
  2190 | D        | Killed an orc knight
  2496 | D        | Bought a scroll of identify for 20 gold pieces
  2496 | D        | Bought a scroll of acquirement for 520 gold pieces
  2496 | D        | Bought 2 scrolls of amnesia for 80 gold pieces
  2496 | D        | Bought a scroll of butterflies for 40 gold pieces
  2496 | D        | Bought a scroll of poison for 40 gold pieces
  2496 | D        | Bought a scroll of fear for 40 gold pieces
  2496 | D        | Bought a scroll of enchant weapon for 75 gold pieces
  2502 | D        | Bought a scroll of vulnerability for 52 gold pieces
  2502 | D        | Bought a scroll of fear for 52 gold pieces
  2502 | D        | Bought a scroll of identify for 26 gold pieces
  2502 | D        | Bought a scroll of identify for 26 gold pieces
  2502 | D        | Bought a scroll of fog for 52 gold pieces
  2502 | D        | Bought a scroll of fog for 52 gold pieces
  2503 | D        | Acquired the ring "Lotenoli" {rC+ rN+}
  2848 | D        | Noticed an ettin
  2863 | D        | Demolished by an ettin
  2864 | D        | Reached XP level 9. HP: -14/51 MP: 19/19
  2882 | D        | Noticed an elephant
  2882 | D        | Noticed an elephant
  2882 | D        | Noticed a dire elephant
  2882 | D        | Noticed a dire elephant
  2882 | D        | Noticed an elephant
  2882 | D        | Noticed an elephant
  2883 | D        | Noticed an elephant
  2884 | D        | Killed an elephant
  2885 | D        | Reached skill level 18 in Stealth
  2885 | D        | Reached XP level 10. HP: 55/55 MP: 20/20
  2885 | D        | Noticed an elephant
  2894 | D        | Killed an elephant
  2895 | D        | Killed a dire elephant
  3272 | D        | Killed an elephant
  3274 | D        | Killed an elephant
  3276 | D        | Killed an elephant
  3278 | D        | Killed an elephant
  3281 | D        | Slain by a dire elephant

Illustrated notes

Levels and vault maps discovered:
D:        linesprint [early_d, line_temple, items_1, d_10, items_2, lair_1,
          lair_end, items_3, orc_1, orc_end, items_4, d_15, swamp_1, shoals_1,
          snake_1, spider_1, d_20, vaults_1, items_5, swamp_end, shoals_end,
          snake_end, spider_end, vaults_end, d_27, items_6, zot_1, zot_end,
          crypt_end, forest_end, elf_end, slime_end, tomb_end, abyss_end,
          pan_hell_end]

Skill      XL: |  1  2  3  4  5  6  7  8  9 10 |
---------------+-------------------------------+-----
Stealth        | 4 5 8 11 12 18 17 | 18.7
Invocations    | 3 5 8 9 10 13 | 13.6
Fighting       | 4 6 8 9 11 13 | 13.9
Dodging        | 6 8 11 12 16 17 | 17.7
Unarmed Combat | 5 7 9 10 11 14 | 14.1

Action                     |  1- 3 |  4- 6 |  7- 9 | 10-12 || total
---------------------------+-------+-------+-------+-------++-------
  Melee: Unarmed           |    15 |    18 |    27 |   120 ||   180
         Bite              |     1 |     3 |     5 |    21 ||    30
         Punch             |       |     1 |     2 |     7 ||    10
 Invoke: Line Pass         |       |       |       |    13 ||    13
  Evoke: Wand              |       |       |       |     1 ||     1
    Use: Potion            |     1 |     3 |     1 |     5 ||    10
         Scroll            |       |       |       |     1 ||     1
   Stab: Paralysed         |       |     2 |     1 |    11 ||    14
         Invisible         |       |       |     3 |       ||     3
         Sleeping          |       |       |     1 |     4 ||     5
         Confused          |       |       |       |    12 ||    12
         Distracted        |       |       |       |     1 ||     1
 Armour: Skin              |     1 |       |       |       ||     1
  Dodge: Dodged            |     7 |     8 |    18 |    83 ||   116
